 Dungeon Crawl Stone Soup version 0.29-a0-925-g0a7a3d12f8 (webtiles) character file.

Game seed: 14900327051344097869

14 Alarak the Caller (level 2, 0/15 HPs)
             Began as a Deep Elf Summoner on July 29, 2022.
             Slain by a hobgoblin (1 damage)
             ... on level 1 of the Dungeon.
             The game lasted 00:03:25 (960 turns).

Alarak the Caller (Deep Elf Summoner)                Turns: 960, Time: 00:03:26

Health: 0/15       AC:  2    Str:  5    XL:     2   Next: 31%
Magic:  8/8        EV: 12    Int: 19    God:
Gold:   57         SH:  0    Dex: 15    Spells: 4/7 levels left

rFire   . . .      SeeInvis .   (no weapon)
rCold   . . .      Faith    .   (no shield)
rNeg    . . .      Spirit   .   a - +0 robe
rPois   .          Reflect  .   (no helmet)
rElec   .          Harm     .   (no cloak)
rCorr   .          Rampage  .   (no gloves)
Will    .....                   (no boots)
Stlth   ++........              (no amulet)
HPRegen 0.05/turn               (no ring)
MPRegen 0.11/turn               (no ring)

@: no status effects
A: no striking features
a: no special abilities


You were on level 1 of the Dungeon.
You visited 1 branch of the dungeon, and saw 1 of its levels.

You collected 57 gold pieces.

Inventory:

Armour
 a - a +0 robe (worn)
Scrolls
 c - a scroll of identify {unknown}
 e - 2 scrolls of fear {unknown}
 f - a scroll of teleportation {unknown}
 g - a scroll of enchant armour {unknown}
Potions
 b - a potion of magic
 d - a potion of haste {unknown}
 h - a potion of degeneration {unknown}


   Skills:
 - Level 2.4 Dodging
 - Level 2.4 Stealth
 - Level 3.0 Spellcasting
 + Level 5.1 Summonings


You had 4 spell levels left.
You knew the following spells:

 Your Spells              Type           Power      Damage    Failure   Level
a - Summon Small Mammal   Summ           88%        N/A       1%          1
b - Call Imp              Summ           22%        N/A       2%          2

Your spell library contained the following spells:

 Spells                   Type           Power      Damage    Failure   Level
 Call Canine Familiar     Summ           22%        N/A       5%          3
 Sting                    Tmut/Pois      8%         1d3       16%         1
 Summon Guardian Golem    Hex/Summ       12%        N/A       16%         3
 Poisonous Vapours        Pois/Air       4%         N/A       22%         2
 Summon Lightning Spire   Summ/Air       12%        N/A       47%         4
 Olgreb's Toxic Radiance  Pois           2%         N/A       83%         4


Dungeon Overview and Level Annotations

Branches:
Dungeon (1/15)

Altars:


Message History

Unknown command.
Your crimson imp barely misses the hobgoblin.
The hobgoblin barely misses your crimson imp.
Your crimson imp blinks!
The hobgoblin hits you.
The hobgoblin hits you but does no damage.
A ball python comes into view.
Your crimson imp barely misses the hobgoblin.
The hobgoblin hits you but does no damage.
You closely miss the hobgoblin.
Your crimson imp hits the hobgoblin.
The hobgoblin barely misses you.
You hit the hobgoblin but do no damage.
The hobgoblin is moderately wounded.
Your crimson imp hits the hobgoblin but does no damage.
The hobgoblin misses you.
You barely miss the hobgoblin.
The hobgoblin is moderately wounded.
Your crimson imp hits the hobgoblin.
The hobgoblin closely misses you.
You hit the hobgoblin but do no damage.
The hobgoblin is severely wounded.
Your crimson imp misses the hobgoblin.
The hobgoblin hits you.
You hit the hobgoblin but do no damage.
The hobgoblin is heavily wounded.
Your crimson imp hits the hobgoblin.
The hobgoblin closely misses you.
You barely miss the hobgoblin.
The hobgoblin is severely wounded.
Your crimson imp blinks!
The hobgoblin hits you.
You barely miss the hobgoblin.
The hobgoblin is heavily wounded.
The hobgoblin closely misses you.
You closely miss the hobgoblin.
The hobgoblin is heavily wounded.
The hobgoblin hits you.
You are too injured to fight recklessly!
The hobgoblin attacks as you move away! The hobgoblin hits you.
* * * LOW HITPOINT WARNING * * *
Your crimson imp blinks!
The hobgoblin attacks as you move away! The hobgoblin hits you.
You die...

#....# #....#
#######. ..#
#.# #+# ..# #.+
##.## .. #.#
##...## ..
#.###..+..## .#
#.##..#.#..##.#
#.#..##>.@g.#.#
#...#######.S.#
#........##.#.#
#.######.##.#.#
#.# #ยง#.# #.#
#.#.# #.# #.#.#
#.# #.#.#
#.##### ..#..


You could see a hobgoblin and a ball python.

Vanquished Creatures (collateral kills)
  4 ball pythons (D:1)
  2 giant cockroaches (D:1)
  A goblin (D:1)
  4 hobgoblins (D:1)
  A bat (D:1)
12 creatures vanquished.

Notes
Turn   | Place    | Note
-------+----------+-------------------------------------------
     0 | D:1      | Alarak the Deep Elf Summoner began the quest for the Orb.
     0 | D:1      | Reached XP level 1. HP: 10/10 MP: 6/6
   534 | D:1      | Reached XP level 2. HP: 15/15 MP: 4/8
   604 | D:1      | Reached skill level 5 in Summonings
   720 | D:1      | Learned a level 2 spell: Call Imp
   759 | D:1      | Found a faded altar of an unknown god.
   960 | D:1      | Slain by a hobgoblin

Illustrated notes

Levels and vault maps discovered:
D:1:      mushboom_english_gardens, layout_basic,
          hellmonk_ecumenical_altar_heavens_door, chequers_jeans,
          grunt_decor_arrowhead

Skill      XL: |  1  2 |
---------------+-------+-----
Summonings     | 5 |  5.1
Dodging        | |  2.4
Stealth        | |  2.4
Spellcasting   | |  3.0

Action                   || total
-------------------------++-------
Melee: Unarmed           ||    19
 Cast: Summon Small Mamm ||    21
       Call Imp          ||     3
Armor: Robe              ||     3
Dodge: Dodged            ||    11

Table legend: (Time is in decaauts)
 A = Elapsed time spent in this place.
 B = Non-inter-level travel time spent in this place.
 C = Inter-level travel time spent in this place.
 D = Time resting spent in this place.
 E = Time spent auto-exploring this place.
 F = Levels seen in this place.
 G = Mean time per level.
                   A        B        C        D        E       F      G
               +--------+--------+--------+--------+--------+-----+--------+
         Total |    960 |    960 |      0 |    333 |    496 |   1 |  960.0 |
       Dungeon |    960 |    960 |      0 |    333 |    496 |   1 |  960.0 |
               +--------+--------+--------+--------+--------+-----+--------+

Top non-repeatable levels by time:
     D:1: 960 daAuts
